 Dungeon Crawl Stone Soup version 0.28-a0-662-g1651b1f1e0 (webtiles) character file.

Game seed: 2482492347935726821

34 ytrimaz the Sneak (level 3, 0/24 HPs)
             Began as an Octopode Brigand on Oct 15, 2021.
             Succumbed to a kobold's poison
             ... on level 2 of the Dungeon.
             The game lasted 00:01:28 (1347 turns).

ytrimaz the Sneak (Octopode Brigand)                Turns: 1347, Time: 00:01:29

Health: 0/24       AC:  1    Str: 10    XL:     3   Next: 31%
Magic:  3/3        EV: 12    Int: 13    God:
Gold:   32         SH:  0    Dex: 14    Spells: 2/2 levels left

rFire   + . .      SeeInvis .   a - +2 dagger
rCold   + . .      Faith    .   (no shield)
rNeg    . . .      Spirit   .   (helmet restricted)
rPois   +          Reflect  .   (no amulet)
rElec   +          Harm     .   (no ring)
rCorr   +          Rampage  .   (no ring)
Will    .....                   (no ring)
Stlth   ++++......              (no ring)
HPRegen 0.08/turn               (no ring)
MPRegen 0.08/turn               (no ring)
                                (no ring)
                                (no ring)

@: lethally poisoned (0 -> -5), resistant
A: almost no armour, amphibious, 8 rings, camouflage 1, gelatinous body 1,
(nimble swimmer 1), tentacles
a: no special abilities


You were on level 2 of the Dungeon.
You visited 1 branch of the dungeon, and saw 2 of its levels.

You collected 32 gold pieces.

Inventory:

Hand Weapons
 a - a +2 dagger (weapon)
Missiles
 b - 8 poisoned darts (quivered)
 c - 2 curare-tipped darts
Scrolls
 d - a scroll of identify {unknown}
 f - a scroll of magic mapping {unknown}
 h - 2 scrolls of fear {unknown}
Potions
 e - a potion of curing {unknown}
 i - a potion of heal wounds {unknown}
 j - a potion of brilliance {unknown}


   Skills:
 + Level 2.0 Fighting
 * Level 2.2 Short Blades
 * Level 2.3 Throwing
 - Level 1.0 Dodging
 * Level 6.5 Stealth


You had 2 spell levels left.
You didn't know any spells.
Your spell library contained the following spells:

 Spells                   Type           Power      Damage    Failure   Level
 Static Discharge         Conj/Air       0%         N/A       43%         2
 Dispel Undead            Necr           0%         3d6       97%         4
 Sticky Flame             Conj/Fire      0%         2d3       97%         4


Dungeon Overview and Level Annotations

Branches:
Dungeon (2/15)

Altars:


Innate Abilities, Weirdness & Mutations

You cannot wear most types of armour.
You are amphibious.
You can wear up to eight rings at the same time.
Your skin changes colour to match your surroundings (Stealth+).
Your rubbery body absorbs attacks. (AC +1, EV +1)
((You are camouflaged near water. (Stealth+)))
You have tentacles for arms and can constrict up to eight enemies at once.


Message History

You constrict the hobgoblin, but do no damage.
The hobgoblin misses you.
You hit the hobgoblin.
You kill the hobgoblin!
An endoplasm comes into view.
You see here a hobgoblin corpse.
The giant cockroach closely misses you.
You hit the giant cockroach but do no damage.
You grab the giant cockroach. You squeeze the giant cockroach.
You kill the giant cockroach!
A kobold comes into view. It is wielding a +2 whip of venom.
The endoplasm hits you.
You hit the endoplasm. Your squeeze misses the endoplasm.
The endoplasm is severely wounded.
The endoplasm hits you.
You hit the endoplasm but do no damage.
The endoplasm is severely wounded.
The endoplasm freezes you.
You are frozen.
A goblin comes into view. It is wielding a +0 club.
You hit the endoplasm.
You kill the endoplasm!
The kobold hits you with a +2 whip of venom!
You are lethally poisoned!
You hit the kobold. You grab the kobold. You squeeze the kobold.
The kobold is heavily wounded.
You constrict the kobold, but do no damage.
* * * LOW HITPOINT WARNING * * *
You feel very sick. The kobold misses you. The goblin completely misses you.
You release your grip on the kobold.
* * * LOW HITPOINT WARNING * * *
You feel very sick.
* * * LOW HITPOINT WARNING * * *
You feel sick.
* * * LOW HITPOINT WARNING * * *
You feel sick.
It was a potion of resistance.
You feel protected.
You die...

##...## ##...##
##+## #.###.## #.#
#..# #.###..#
##...#.# #####.#
#.# ############.#
#..gK@†.<....#
.......############
......# .....#
##..# #... ..# #.


You could see a goblin and a kobold.

Vanquished Creatures
  A dart slug (D:1)
  4 ball pythons (D:1)
  4 bats
  2 endoplasms
  3 giant cockroaches
  2 goblins (D:1)
  3 hobgoblins
  A jackal (D:2)
  3 kobolds
  A frilled lizard (D:2)
  5 rats
29 creatures vanquished.

Notes
Turn   | Place    | Note
-------+----------+-------------------------------------------
     0 | D:1      | ytrimaz the Octopode Brigand began the quest for the Orb.
     0 | D:1      | Reached XP level 1. HP: 14/14 MP: 1/1
   402 | D:1      | Reached XP level 2. HP: 16/19 MP: 2/2
   581 | D:1      | Reached skill level 6 in Stealth
   956 | D:1      | Reached XP level 3. HP: 24/24 MP: 3/3
  1346 | D:2      | HP: 1/24 [poisoned by a kobold]
  1347 | D:2      | Succumbed to a kobold's poison

Illustrated notes

Levels and vault maps discovered:
D:1:      eino_arrival_tree_alley, layout_loops_corners, serial_bayou_lagoon_b
D:2:      layout_loops_corners, minivault_5, st_stairs_5, minmay_pentomino_w2

Skill      XL: |  1  2 |
---------------+-------+-----
Stealth        | 6 |  6.5
Fighting       | |  2.0
Short Blades   | |  2.2
Throwing       | |  2.3
Dodging        | |  1.0

Action                   || total
-------------------------++-------
Melee: Dagger            ||    43
       Constrict         ||    12
       Tentacles         ||     6
  Use: Potion            ||     1
 Stab: Sleeping          ||    13
Armor: Skin              ||     2
Dodge: Dodged            ||    16

Table legend: (Time is in decaauts)
 A = Elapsed time spent in this place.
 B = Non-inter-level travel time spent in this place.
 C = Inter-level travel time spent in this place.
 D = Time resting spent in this place.
 E = Time spent auto-exploring this place.
 F = Levels seen in this place.
 G = Mean time per level.
                   A        B        C        D        E       F      G
               +--------+--------+--------+--------+--------+-----+--------+
         Total |   1342 |   1306 |     36 |      0 |   1119 |   2 |  671.0 |
       Dungeon |   1342 |   1306 |     36 |      0 |   1119 |   2 |  671.0 |
               +--------+--------+--------+--------+--------+-----+--------+

Top non-repeatable levels by time:
     D:1: 1165 daAuts
     D:2: 177 daAuts
